 Dungeon Crawl Stone Soup version 0.29-a0-477-g62b78b4225 (webtiles) character file.

Game seed: 14201268301134623559

135 Morbidden the Ogre Mage (level 5, -10/49 HPs)
             Began as an Ogre Fire Elementalist on May 25, 2022.
             Killed by nerve-wracking pain
             ... invoked by Grinder
              (12 damage)
             ... on level 4 of the Dungeon.
             The game lasted 00:05:05 (5139 turns).

Morbidden the Ogre Mage (Ogre Fire Elementalist)    Turns: 5139, Time: 00:05:05

Health: -10/49     AC:  0    Str: 12    XL:     5   Next: 18%
Magic:  2/10       EV: 14    Int: 18    God:
Gold:   163        SH:  0    Dex:  9    Spells: 8/11 levels left

rFire   + . .      SeeInvis .     - Unarmed
rCold   + . .      Faith    .   (shield currently unavailable)
rNeg    . . .      Spirit   .   (body armour currently unavailable)
rPois   +          Reflect  .   (helmet currently unavailable)
rElec   +          Harm     .   (cloak currently unavailable)
rCorr   +          Rampage  .   (gloves unavailable)
Will    .....                   (boots unavailable)
Stlth   +.........              (no amulet)
HPRegen 0.16/turn               (ring currently unavailable)
MPRegen 0.12/turn               (ring currently unavailable)

@: pig-form (expiring), resistant, hasted, very quick
A: fast, no casting, small, unfitting armour, (tough skin 1)
a: no special abilities


You were on level 4 of the Dungeon.
You were a filthy swine.
You visited 1 branch of the dungeon, and saw 4 of its levels.

You collected 163 gold pieces.

Inventory:

Hand Weapons
 a - a +0 morningstar (melded)
Missiles
 q - a boomerang
Armour
 t - a +0 robe (melded)
Jewellery
 r - a ring of positive energy (melded)
Wands
 p - a wand of polymorph (7)
Scrolls
 c - a scroll of summoning {unknown}
 d - a scroll of enchant armour {unknown}
 e - a scroll of torment {unknown}
 h - 2 scrolls of noise {unknown}
 k - a scroll of vulnerability {unknown}
 l - 3 scrolls of teleportation {unknown}
 m - a scroll of fear {unknown}
Potions
 b - a potion of magic
 g - a potion of might {unknown}
 i - a potion of heal wounds {unknown}
 j - a potion of resistance
 n - a potion of brilliance {unknown}
 o - a potion of attraction {unknown}
 s - a potion of cancellation {unknown}


   Skills:
 * Level 2.0 Fighting
 * Level 2.2 Dodging
 + Level 1.5 Stealth
 * Level 1.0 Unarmed Combat
 * Level 3.6 Spellcasting
 * Level 1.4 Conjurations
 * Level 3.5 Fire Magic


You had 8 spell levels left.
You knew the following spells:

 Your Spells              Type           Power      Damage    Failure   Level
a - Foxfire               Conj/Fire      48%        2x1d6     5%          1
b - Scorch                Fire           32%        2d6       5%          2

Your spell library contained the following spells:

 Spells                   Type           Power      Damage    Failure   Level
 Conjure Flame            Conj/Fire      12%        6-21      16%         3
 Inner Flame              Hex/Fire       9%         N/A       22%         3
 Flame Wave               Conj/Fire      12%        2d6       47%         4


Dungeon Overview and Level Annotations

Branches:
Dungeon (4/15)
 Temple: D:4-7

Altars:

Annotations:
D:4 Dowan, Duvessa, Grinder


Innate Abilities, Weirdness & Mutations

You are a filthy swine.
You move quickly.
Your equipment is almost entirely melded.
You are incapable of wielding weapons or throwing items.
You cannot cast spells.
You are too large for most types of armour.
((You have tough skin. (AC +1)))


Message History

Unknown command.
Unknown command.
Grinder gestures at you. Pain shoots through your body!
Grinder blinks!
Unknown command.
Grinder hits you.
You writhe in agony.
Unknown command.
You hit Grinder.
Grinder is almost dead.
Grinder hits you!
* * * LOW HITPOINT WARNING * * *
You writhe in agony.
* * * LOW HITPOINT WARNING * * *
You hit Grinder.
Grinder is almost dead.
Grinder gestures at you. Pain shoots through your body!
* * * LOW HITPOINT WARNING * * *
Unknown command.
Unknown command.
Unknown command.
You can't do that in your present form.
Unknown command.
Unknown command.
Unknown command.
Unknown command.
Unknown command.
Okay, then.
It was a potion of haste.
You feel yourself speed up.
Your transformation is almost over.
Unknown command.
Okay, then.
Unknown command.
Unknown command.
It was a potion of resistance.
You feel protected. Grinder gestures at you. Pain shoots through your body!
You die...

##'## ##.########
### #†........#
#...#..######.#
#....## .#
##..5.## .#
#.....###.#####(
##..##5..........
#....h.....######
...##.########
### #.# #. #.


You could see Grinder.

Vanquished Creatures
  An orc wizard (D:3)
  3 adders (D:2)
  A worm (D:2)
  2 dart slugs (D:1)
  9 orcs
  5 ball pythons
  6 bats
  5 endoplasms
  A giant cockroach (D:2)
  6 goblins
  12 hobgoblins
  A kobold (D:1)
  2 quokkas
  6 frilled lizards
  6 rats
66 creatures vanquished.

Vanquished Creatures (collateral kills)
  A foxfire (D:2)
1 creature vanquished.

Vanquished Creatures (others)
  273 foxfires
  7 plants (D:2)
280 creatures vanquished.

Grand Total: 347 creatures vanquished

Notes
Turn   | Place    | Note
-------+----------+-------------------------------------------
     0 | D:1      | Morbidden the Ogre Fire Elementalist began the quest for
                  | the Orb.
     0 | D:1      | Reached XP level 1. HP: 16/16 MP: 3/3
   486 | D:1      | Reached XP level 2. HP: 24/24 MP: 0/5
  1107 | D:1      | Reached skill level 1 in Conjurations
  1767 | D:1      | Reached XP level 3. HP: 32/32 MP: 4/7
  1983 | D:1      | Found a faded altar of an unknown god.
  2399 | D:2      | Reached skill level 1 in Fighting
  2399 | D:2      | Reached XP level 4. HP: 41/41 MP: 5/8
  2973 | D:2      | Learned a level 2 spell: Scorch
  3736 | D:3      | Identified the +3 whip "Butoapp" {pain, Int+4}
  4531 | D:4      | Noticed Duvessa
  4534 | D:4      | Noticed Dowan
  4562 | D:4      | HP: 2/42 [Duvessa/+0 short sword (7)]
  4891 | D:3      | Reached skill level 1 in Unarmed Combat
  4891 | D:3      | Reached XP level 5. HP: 25/49 MP: 2/10
  5107 | D:4      | Noticed Grinder
  5110 | D:4      | Paralysed by Grinder for 3 turns
  5134 | D:4      | HP: 2/49 [Grinder/nerve-wracking pain (8)]
  5139 | D:4      | Killed from afar by Grinder

Illustrated notes

Levels and vault maps discovered:
D:1:      grunt_arrival_crossed_arrows, layout_loops_ring,
          basic_ecumenical_altar, kennysheep_flooded_box
D:2:      layout_basic, kennysheep_minor_cross, chequers_serial_rivers_micro_c,
          serial_bayou_lake_a
D:3:      layout_basic, chequers_serial_rivers_micro_b, serial_bayou_pond_e,
          minmay_liquid_box
D:4:      layout_loops_corners, uniq_robin, uniq_grinder, uniq_duvessa

Skill      XL: |  1  2  3  4 |
---------------+-------------+-----
Fire Magic     | 3 |  3.5
Conjurations   | 1 |  1.4
Spellcasting   | 3 |  3.6
Dodging        | 2 |  2.2
Fighting       | 1 2 |  2.0
Unarmed Combat | 1 |  1.0
Stealth        | |  1.5

Action                   |  1- 3 |  4- 6 || total
-------------------------+-------+-------++-------
Melee: Unarmed           |    13 |     2 ||    15
       Morningstar       |       |     3 ||     3
 Cast: Foxfire           |    90 |    73 ||   163
       Scorch            |       |    20 ||    20
  Use: Potion            |       |     2 ||     2
Armor: Robe              |    12 |     5 ||    17
Dodge: Dodged            |    14 |    14 ||    28

Table legend: (Time is in decaauts)
 A = Elapsed time spent in this place.
 B = Non-inter-level travel time spent in this place.
 C = Inter-level travel time spent in this place.
 D = Time resting spent in this place.
 E = Time spent auto-exploring this place.
 F = Levels seen in this place.
 G = Mean time per level.
                   A        B        C        D        E       F      G
               +--------+--------+--------+--------+--------+-----+--------+
         Total |   5161 |   5045 |    116 |   1073 |   3339 |   4 | 1290.2 |
       Dungeon |   5161 |   5045 |    116 |   1073 |   3339 |   4 | 1290.2 |
               +--------+--------+--------+--------+--------+-----+--------+

Top non-repeatable levels by time:
     D:1: 2067 daAuts
     D:3: 1535 daAuts
     D:2: 1242 daAuts
     D:4: 316 daAuts
